 Dungeon Crawl Stone Soup version 0.29.1-15-g9cfb28693d (webtiles) character file.

Game seed: 12156771721893189106

63 Sanktem7 the Shield-Bearer (level 3, 0/33 HPs)
             Began as a Minotaur Fighter on Mar 13, 2023.
             Killed by divine providence
             ... invoked by an orc priest
              (14 damage)
             ... on level 3 of the Dungeon.
             The game lasted 00:01:41 (2196 turns).

Sanktem7 the Shield-Bearer (Minotaur Fighter)       Turns: 2196, Time: 00:01:42

Health: 0/33       AC:  7    Str: 22    XL:     3   Next: 89%
Magic:  2/2        EV:  9    Int:  5    God:
Gold:   175        SH:  9    Dex:  9    Spells: 2/2 levels left

rFire   . . .      SeeInvis .   a - +0 war axe {axe}
rCold   . . .      Faith    .   c - +0 buckler
rNeg    . . .      Spirit   .   b - +0 scale mail
rPois   .          Reflect  +   (helmet restricted)
rElec   .          Harm     .   (no cloak)
rCorr   .          Rampage  .   (no gloves)
Will    .....                   (no boots)
Stlth   ..........              k - amulet of reflection
HPRegen 0.11/turn               (no ring)
MPRegen 0.08/turn               (no ring)

@: no status effects
A: horns 2, retaliatory headbutt
a: no special abilities


You were on level 3 of the Dungeon.
You visited 1 branch of the dungeon, and saw 3 of its levels.

You collected 175 gold pieces.


Innate Abilities, Weirdness & Mutations

You have a pair of horns on your head.
You reflexively headbutt those who attack you in melee.


   Skills:
 + Level 4.1 Fighting
 * Level 3.7 Axes
 + Level 4.1 Armour
 + Level 4.2 Shields


You had 2 spell levels left.
You didn't know any spells.
Your spell library contained the following spells:

 Spells                   Type           Power      Damage    Failure   Level
 Beastly Appendage        Tmut           0%         N/A       87%         1
 Ensorcelled Hibernation  Hex/Ice        0%         N/A       95%         2
 Passwall                 Tmut/Erth      0%         N/A       95%         2
 Wereblood                Tmut           0%         N/A       95%         2
 Spider Form              Tmut/Pois      0%         N/A       99%         3
 Swiftness                Air            0%         N/A       99%         3
 Summon Forest            Summ/Tloc      0%         N/A       100%        5
 Eringya's Noxious Bog    Tmut/Pois      0%         N/A       100%        6
 Summon Hydra             Summ           0%         N/A       100%        7

Inventory:

Hand Weapons
 a - a +0 war axe (weapon) {axe}
Missiles
 f - 3 stones (quivered) {throwing}
 l - 2 poisoned darts {throwing}
Armour
 b - a +0 scale mail (worn)
 c - a +0 buckler (worn)
 p - a +0 cloak
   (You found it on level 3 of the Dungeon)
Jewellery
 k - an amulet of reflection (around neck)
   (You found it on level 2 of the Dungeon)
Wands
 s - a wand of paralysis (6)
   (You found it on level 3 of the Dungeon)
Scrolls
 e - 3 scrolls of identify {unknown}
 g - 2 scrolls of enchant armour {unknown}
 m - 2 scrolls of immolation {unknown}
 q - a scroll of noise {unknown}
 r - a scroll of enchant weapon {unknown}
 t - a scroll of vulnerability {unknown}
Potions
 d - a potion of might
 h - a potion of magic {unknown}
 i - a potion of curing {unknown}
 j - a potion of mutation {unknown}
 n - 2 potions of heal wounds {unknown}
 o - a potion of brilliance {unknown}

Dungeon Overview and Level Annotations

Branches:
Dungeon (3/15) Zot: 15772

Altars:
Cheibriados
Dithmenos
Trog

Shops:
D:3

:
##############.##..#.###.#.#.
.....[...##.##..#.# #.#.#.
.######.###.##..#.# #.#.#.
#.###.##..#.###.#.#.
####...#.............#.
###...##.###...........##
#........<.............#
#.#...#######..........##
#.#.oooo@......#######...
#.##.#########.# ####
#.##.#...## #.# #..
#.........# #.# #.#
+.........# #.# #.#
#.........# #.# #.#
#............. .# #.#
#.######.##### #.# #. .# #.#


You could see 2 orc priests and 2 orcs.


Message History

No target in view!
You see here a +0 scale mail.
Key pressed, stopping explore.
You see here a +0 scale mail.
A bat comes into view. 😎 HP[+5]
Your hp is fully restored (33).
A bat is nearby!
An adder comes into view.
The adder hisses angrily.
You block the bat's attack.
You closely miss the bat. The bat hits you but does no damage.
The bat barely misses you.
You hit the bat. The bat barely misses you. You furiously retaliate!
You headbutt the bat!
You kill the bat!
The adder closely misses you.
You closely miss the adder.
The adder bites you but does no damage. x2
You slash the adder!
You kill the adder!
No target in view!
No target in view!
No target in view!
No target in view!
Found a stone staircase leading up.
An adder comes into view.
The adder hisses angrily.
An adder is nearby!
You barely miss the adder. You block the adder's attack.
The adder bites you but does no damage.
You slash the adder! You block the adder's attack.
You hit the adder.
You kill the adder!
No target in view!
No target in view!
No target in view!
No target in view!
You see here an adder corpse.
You now have 164 gold pieces (gained 12).
s - a wand of paralysis (6)
You open the door.
Found a bloodstained altar of Trog.
There is an open door here.
There is a bloodstained altar of Trog here.
You see here a +0 robe.
There is a stone staircase leading down here.
Found a stone staircase leading up.
An endoplasm comes into view.
An endoplasm is nearby!
You hit the endoplasm. You block the endoplasm's attack.
The endoplasm freezes you.
You are frozen. 😕 HP[-4]
You take 4 damage, and now have 29/33 hp.
You barely miss the endoplasm. You headbutt the endoplasm.
You kill the endoplasm!
No target in view!
No target in view!
No target in view!
No target in view!
You now have 175 gold pieces (gained 11).
Key pressed, stopping explore.
Found Liuden's Book Emporium. 😎 HP[+4]
Your hp is fully restored (33).
There is an entrance to Liuden's Book Emporium here.
Key pressed, stopping explore.
You see here a +0 leather armour.
You see here a +0 scale mail.
t - a scroll labelled JOMU EWUYJUH YSI
There is a stone staircase leading up here. 2 orc priests come into view.
The orc priest shouts! x2
The orc priest mumbles some strange prayers to Beogh against you.
Beogh smites you! 😮 HP[-14]
You take 14 damage, and now have 19/33 hp.
MASSIVE DAMAGE!! (PAUSE) Unknown command.
You are too injured to fight recklessly!
You are too injured to fight recklessly!
You are too injured to fight recklessly!
An orc comes into view. It is wielding a +0 short sword.
The orc shouts!
You hear a shout!
An orc comes into view. It is wielding a +0 whip.
The orc priest invokes the aid of Beogh against you.
Beogh smites you!
* * * LOW HITPOINT WARNING * * *
😨 HP[-6]
You take 6 damage, and now have 13/33 hp.
The orc priest attacks as you move away!
The orc priest hits you but does no damage.
The orc priest miscasts a cantrip.
The orc attacks as you move away! You block the orc's attack.
You barely miss the orc priest.
The orc priest hits you but does no damage.
You closely miss the orc priest.
The orc priest calls down the wrath of Beogh upon you.
Beogh smites you!
You die...

Skill      XL: |  1  2 |
---------------+-------+-----
Axes           | 3 |  3.7
Fighting       | 4 |  4.1
Armour         | 4 |  4.1
Shields        | 4 |  4.2

Action                   || total
-------------------------++-------
Melee: War axe           ||    82
       Headbutt          ||     8
Armor: Scale mail        ||    46
Dodge: Dodged            ||    31
Block: Buckler           ||    29

Levels and vault maps discovered:
D:1:      nagdon_arrival_zigzag_paths, layout_rooms,
          hellmonk_ecumenical_altar_arch_garden
D:2:      layout_basic, basic_altar
D:3:      layout_basic, cheibriados_altar_1, overflow_temple_1_default,
          serial_shops, shop

Notes
Turn   | Place    | Note
-------+----------+-------------------------------------------
     0 | D:1      | Sanktem7 the Minotaur Fighter began the quest for the Orb.
     0 | D:1      | Reached XP level 1. HP: 19/19 MP: 0/0
     0 | D:1      | magus.rc [v1.9.6]
    79 | D:1      | Found a faded altar of an unknown god.
    86 | D:1      | Reached XP level 2. HP: 22/27 MP: 1/1
   278 | D:1      | Reached skill level 3 in Axes
   321 | D:1      | You pick up a book of Changes and begin reading...
   321 | D:1      | You add the spells Beastly Appendage, Wereblood and Spider
                  | Form to your library.
   895 | D:2      | Reached skill level 4 in Fighting
   895 | D:2      | Reached skill level 4 in Armour
   895 | D:2      | Reached skill level 4 in Shields
   895 | D:2      | Reached XP level 3. HP: 29/33 MP: 2/2
   928 | D:2      | You pick up a book of Burglary and begin reading...
   928 | D:2      | You add the spells Passwall, Ensorcelled Hibernation and
                  | Swiftness to your library.
  1059 | D:2      | You add the spells Summon Forest, Eringya's Noxious Bog and
                  | Summon Hydra to your library.
  1060 | D:2      | Found a shadowy altar of Dithmenos.
  1467 | D:3      | Found a snail-covered altar of Cheibriados.
  1761 | D:3      | Found a bloodstained altar of Trog.
  1971 | D:3      | Found Liuden's Book Emporium.
  2196 | D:3      | Killed from afar by an orc priest

Vanquished Creatures
  3 adders
  5 endoplasms
  2 giant cockroaches (D:2)
  2 goblins
  3 hobgoblins
  2 kobolds
  2 quokkas (D:2)
  3 ball pythons
  8 bats
  A frilled lizard (D:1)
  3 rats (D:1)
34 creatures vanquished.

Table legend:
 A = Non-vault XP
 B = Vault XP
 C = Vault XP percentage of total XP
 D = Non-vault monster count
 E = Vault monster count
 F = Vault count percentage of total count
                 A         B        C        D         E       F
            +---------+---------+-------+---------+---------+-------
      Total |      91 |       0 |   0.0 |      34 |       0 |   0.0
            +---------+---------+-------+---------+---------+-------
        D:1 |      29 |       0 |   0.0 |      18 |       0 |   0.0
        D:2 |      27 |       0 |   0.0 |       9 |       0 |   0.0
        D:3 |      35 |       0 |   0.0 |       7 |       0 |   0.0
            +---------+---------+-------+---------+---------+-------

Illustrated notes

Table legend:
 A = Kills in this place as a percentage of kills in entire the game.
 B = Kills by you in this place as a percentage of kills by you in the entire game.
 C = Kills by friends in this place as a percentage of kills by friends in the entire game.
 D = Other kills in this place as a percentage of other kills in the entire game.
 E = Experience gained in this place as a percentage of experience gained in the entire game.
 F = Experience gained in this place divided by the number of levels of this place that you have seen.
                   A       B       C       D       E      F
               +-------+-------+-------+-------+-------+----------------------
         Total | 100.0 | 100.0 |   N/A |   N/A | 100.0 |  30.3
       Dungeon | 100.0 | 100.0 |   N/A |   N/A | 100.0 |  30.3
               +-------+-------+-------+-------+-------+----------------------

Table legend: (Time is in decaauts)
 A = Elapsed time spent in this place.
 B = Non-inter-level travel time spent in this place.
 C = Inter-level travel time spent in this place.
 D = Time resting spent in this place.
 E = Time spent auto-exploring this place.
 F = Levels seen in this place.
 G = Mean time per level.
                   A        B        C        D        E       F      G
               +--------+--------+--------+--------+--------+-----+--------+
         Total |   2226 |   2144 |     82 |      0 |   1900 |   3 |  742.0 |
       Dungeon |   2226 |   2144 |     82 |      0 |   1900 |   3 |  742.0 |
               +--------+--------+--------+--------+--------+-----+--------+

Top non-repeatable levels by time:
     D:1: 836 daAuts
     D:3: 742 daAuts
     D:2: 647 daAuts
